 Dungeon Crawl Stone Soup version 0.28.0-53-g5a82cb258f (webtiles) character file.

Game seed: 15915412619242763718

496 Ultimatedrag0 the Spear-Bearer (level 7, -4/52 HPs)
             Began as a Merfolk Gladiator on June 16, 2022.
             Was a Believer of Zin.
             Slain by an orc warrior
             ... wielding a +0 scimitar
              (6 damage)
             ... on level 5 of the Dungeon.
             The game lasted 00:26:49 (4459 turns).

Ultimatedrag0 the Spear-Bearer (Merfolk Gladiator)  Turns: 4459, Time: 00:26:50

Health: -4/52      AC: 10    Str: 16    XL:     7   Next: 15%
Magic:  7/7        EV:  8    Int:  7    God:    Zin [**....]
Gold:   144        SH:  5    Dex: 16    Spells: 6/6 levels left

rFire   + . .      SeeInvis .   i - +3 spear
rCold   . . .      Faith    .   (no shield)
rNeg    . . .      Spirit   .   g - +0 chain mail
rPois   .          Reflect  +   c - +0 helmet
rElec   .          Harm     .   (no cloak)
rCorr   .          Rampage  .   (no gloves)
Will    .....                   (no boots)
Stlth   ..........              j - amulet of reflection
HPRegen 0.17/turn               h - ring of protection from fire
MPRegen 0.10/turn               (no ring)

@: no status effects
A: (nimble swimmer 2), mertail
a: Renounce Religion, Recite, Vitalisation, Donate Gold


You were on level 5 of the Dungeon.
You worshipped Zin.
Zin was pleased with you.
You visited 1 branch of the dungeon, and saw 5 of its levels.

You collected 159 gold pieces.
You donated 15 gold pieces to Zin.

Inventory:

Hand Weapons
 a - a +1 trident
 e - a +1 vampiric spear
 i - a +3 spear (weapon)
Missiles
 d - 4 throwing nets
 f - 52 arrows
 n - 2 boomerangs (quivered)
 r - 6 poisoned darts
Armour
 b - a +0 leather armour
 c - a +0 helmet (worn)
 g - a +0 chain mail (worn)
Jewellery
 h - a ring of protection from fire (left hand)
 j - an amulet of reflection (around neck)
Wands
 o - a wand of polymorph (13)
Scrolls
 k - a scroll of fog
 m - 3 scrolls of teleportation
 p - a scroll of immolation {unknown}
Potions
 q - a potion of flight {unknown}
 s - 2 potions of brilliance {unknown}


   Skills:
 + Level 3.4 Fighting
 + Level 8.0 Polearms
 + Level 2.4 Throwing
 + Level 2.5 Armour
 + Level 4.4 Dodging
 + Level 1.2 Stealth
 + Level 1.6 Shields
 + Level 0.1 Invocations


You had 6 spell levels left.
You didn't know any spells.
Your spell library was empty.

Dungeon Overview and Level Annotations

Branches:
Dungeon (5/15)
 Temple: D:4-7

Altars:
Zin

Shops:
D:1 !   D:3 (


Innate Abilities, Weirdness & Mutations

((You are very nimble when in or above water. (Stealth+, EV+, Speed+++)))
Your lower body shifts to a powerful aquatic tail in water.


Message History

The orc warrior is lightly wounded.
You closely miss the orc warrior.
The orc warrior is lightly wounded.
You hit the orc warrior.
The orc warrior is moderately wounded.
You block the orc warrior's attack.
You hit the orc warrior.
The orc warrior is heavily wounded.
The orc warrior barely misses you.
You hit the orc warrior.
The orc warrior is heavily wounded.
You hit the orc warrior but do no damage.
The orc warrior is heavily wounded.
You block the orc warrior's attack.
You hit the orc warrior.
The orc warrior is heavily wounded.
The orc warrior hits you with a +0 scimitar!
You closely miss the orc warrior.
The orc warrior is heavily wounded.
The orc warrior barely misses you.
You hit the orc warrior but do no damage.
The orc warrior is heavily wounded.
You feel better.
The orc warrior hits you with a +0 scimitar.
You hit the orc warrior but do no damage.
The orc warrior is heavily wounded.
The orc warrior closely misses you.
You hit the orc warrior.
The orc warrior is severely wounded.
The orc warrior hits you with a +0 scimitar.
You closely miss the orc warrior.
The orc warrior is severely wounded.
You hit the orc warrior but do no damage.
The orc warrior is severely wounded.
The orc warrior hits you with a +0 scimitar!
* * * LOW HITPOINT WARNING * * *
You closely miss the orc warrior.
The orc warrior is severely wounded.
The orc warrior hits you with a +0 scimitar.
You die...

.........# #...'........#
#..)....###...#........#
#.......#.....#.#.###....
##.(.....#.....#.#.#
.####
.........'.......#.# .#
##########....#oo#.#
######oo#.# ##o#.# #@#
#.# #.. #... #...# #..>.
#.#### #(#


You could see an orc warrior and 4 orcs.

Vanquished Creatures
  An ogre (D:4)
  A phantom (D:4)
  A bullfrog (D:3)
  An orc priest (D:4)
  2 iguanas (D:5)
  2 orc wizards (D:4)
  4 gnolls (D:2)
  2 adders
  4 worms
  A dart slug (D:3)
  7 orcs
  7 endoplasms
  2 giant cockroaches (D:4)
  11 hobgoblins
  4 jackals (D:1)
  A quokka (D:2)
  9 ball pythons
  4 bats
  2 frilled lizards
  5 goblins
  4 kobolds
  4 rats
79 creatures vanquished.

Vanquished Creatures (others)
  A fungus (D:2)
1 creature vanquished.

Grand Total: 80 creatures vanquished

Notes
Turn   | Place    | Note
-------+----------+-------------------------------------------
     0 | D:1      | Ultimatedrag0 the Merfolk Gladiator began the quest for the
                  | Orb.
     0 | D:1      | Reached XP level 1. HP: 16/16 MP: 1/1
    67 | D:1      | Found a faded altar of an unknown god.
    80 | D:1      | Reached skill level 5 in Polearms
    82 | D:1      | Reached XP level 2. HP: 9/22 MP: 2/2
   117 | D:1      | Prayed at the altar of an unknown god.
   117 | D:1      | Became a worshipper of Zin the Law-Giver
   117 | D:1      | Reached * piety under Zin
   170 | D:1      | Found Ikhlaire's Distillery.
   891 | D:2      | Reached XP level 3. HP: 22/28 MP: 3/3
  1105 | D:2      | Zin protects you from harm!
  1107 | D:2      | HP: 1/28 [gnoll/+0 whip (2)]
  1476 | D:2      | Reached skill level 1 in Shields
  1484 | D:2      | Reached XP level 4. HP: 7/34 MP: 4/4
  1493 | D:2      | HP: 1/34 [gnoll/+1 vampiric spear (1)]
  1987 | D:2      | Reached ** piety under Zin
  2183 | D:2      | Reached skill level 1 in Stealth
  2190 | D:2      | Reached skill level 1 in Armour
  2522 | D:3      | Reached skill level 6 in Polearms
  2589 | D:3      | Noticed a bullfrog
  2594 | D:3      | Killed a bullfrog
  2595 | D:3      | Reached XP level 5. HP: 30/40 MP: 5/5
  2867 | D:3      | Found Umioss's Antique Weapon Shop.
  3289 | D:4      | Noticed an ogre
  3298 | D:4      | Killed an ogre
  3299 | D:4      | Reached skill level 7 in Polearms
  3299 | D:4      | Reached XP level 6. HP: 47/47 MP: 6/6
  3505 | D:4      | Reached XP level 7. HP: 20/52 MP: 7/7
  4300 | D:5      | Entered Level 5 of the Dungeon
  4343 | D:5      | Reached skill level 8 in Polearms
  4458 | D:5      | HP: 2/52 [orc warrior/+0 scimitar (17)]
  4459 | D:5      | Slain by an orc warrior

Illustrated notes

Levels and vault maps discovered:
D:1:      sevenhm_arrival_forest_fort_large_2, layout_basic, serial_shops, shop,
          shapermc_ecumenical_altar_starsandcircs, minmay_parallelograms
D:2:      layout_basic, minmay_misc_feat_iff, hangedman_decor_riveting,
          minmay_shallow_snake_nest
D:3:      layout_rooms, serial_shops, nicolae_square_shop, moated_statue
D:4:      layout_basic, nicolae_wormholes
D:5:      layout_basic

Skill      XL: |  1  2  3  4  5  6  7 |
---------------+----------------------+-----
Polearms       | 5 6 7 8 |  8.0
Shields        | 1 |  1.6
Stealth        | 1 |  1.2
Armour         | 1 2 |  2.5
Fighting       | 3 |  3.4
Throwing       | |  2.4
Dodging        | |  4.4
Invocations    | |  0.1

Action                   |  1- 3 |  4- 6 |  7- 9 || total
-------------------------+-------+-------+-------++-------
Melee: Trident           |   106 |     8 |       ||   114
       Punch             |     1 |     2 |       ||     3
       Spear             |       |   156 |    42 ||   198
Throw: Throwing net      |       |     2 |       ||     2
       Boomerang         |       |     2 |    13 ||    15
Invok: Recite            |       |     1 |       ||     1
  Use: Scroll            |     3 |     4 |       ||     7
       Potion            |     1 |     3 |     1 ||     5
Armor: Leather armour    |    16 |       |       ||    16
       Chain mail        |    53 |    46 |     7 ||   106
Dodge: Dodged            |    75 |    30 |    11 ||   116
Block: Other             |    18 |    20 |    10 ||    48
       Reflection        |       |     1 |       ||     1
